 Dungeon Crawl Stone Soup version 0.18.1-6-gd335043 (webtiles) character file.

1106 Shtopit the Thaumaturge (level 8, -3/41 HPs)
             Began as a Deep Elf Wizard on May 17, 2016.
             Slain by ololoev's ghost (19 damage)
             ... on level 6 of the Dungeon.
             The game lasted 00:28:05 (7289 turns).

Shtopit the Thaumaturge (Deep Elf Wizard)           Turns: 7289, Time: 00:28:06

Health: -3/41      AC:  4    Str:  4    XL:     8   Next: 11%
Magic:  5/23       EV: 14    Int: 26    God:
Gold:   270        SH:  0    Dex: 13    Spells: 6 memorised, 13 levels left

rFire  + . .     SeeInvis .     q - +2 dagger (pain)
rCold  . . .     Gourm    .     a - +0 robe
rNeg   . . .     Faith    .     (no shield)
rPois  .         Spirit   .     x - +0 helmet
rElec  .         Dismiss  .     o - +0 cloak
rCorr  .         Reflect  .     (no gloves)
SustAt .         Harm     .     (no boots)
MR     .....                    (no amulet)
Stlth  +++.......               (no ring)
                                r - ring of protection from fire

@: not resistant to hostile enchantments, fairly stealthy
A: no striking features
a: no special abilities


You were on level 6 of the Dungeon.
You were not hungry.

You visited 1 branch of the dungeon, and saw 6 of its levels.

You collected 270 gold pieces.

Inventory:

Hand Weapons
 e - a +0 short sword
 q - a +2 dagger of pain (weapon)
 t - a +0 dagger of draining
 w - a +0 hand crossbow
Armour
 a - a +0 robe (worn)
 b - a +0 hat
 g - a +0 buckler
 h - a +0 leather armour
 o - a +0 cloak (worn)
 x - a +0 helmet (worn)
Jewellery
 r - a ring of protection from fire (left hand)
Scrolls
 f - a scroll of identify
 i - a scroll of recharging
 j - a scroll of enchant armour
 k - 2 scrolls of magic mapping
 l - 2 scrolls of remove curse
 p - a scroll of fog {unknown}
 s - a scroll of teleportation
Potions
 m - 4 potions of curing
Books
 c - a book of Minor Magic

   Spells                             Type                      Level
   a - Magic Dart                     Conjuration                  1
   b - Blink                          Translocation                2
   c - Call Imp                       Summoning                    2
   d - Repel Missiles                 Charms/Air                   2
   e - Slow                           Hexes                        2
   f - Conjure Flame                  Conjuration/Fire             3
   g - Mephitic Cloud                 Conjuration/Poison/Air       3
 v - a book of Death

   Spells                             Type                      Level
   a - Corpse Rot                     Necromancy                   2
   b - Sublimation of Blood           Necromancy                   2
   c - Agony                          Necromancy                   5
   d - Dispel Undead                  Necromancy                   5
   e - Excruciating Wounds            Charms/Necromancy            5
   f - Bolt of Draining               Conjuration/Necromancy       5
Comestibles
 d - 8 bread rations
 n - 2 meat rations


   Skills:
 + Level 0.2 Fighting
 * Level 2.9 Armour
 + Level 4.1 Dodging
 + Level 4.4 Stealth
 + Level 9.1 Spellcasting
 + Level 4.0 Conjurations
 + Level 2.1 Summonings
 + Level 2.0 Translocations
 + Level 1.1 Air Magic
 + Level 0.2 Poison Magic


You had 13 spell levels left.
You knew the following spells:

 Your Spells              Type           Power        Failure   Level  Hunger
a - Magic Dart            Conj           ####         1%          1    None
b - Blink                 Tloc           N/A          3%          2    None
c - Call Imp              Summ           ###.....     3%          2    None
d - Mephitic Cloud        Conj/Pois/Air  ###.....     10%         3    None
e - Repel Missiles        Chrm/Air       ##....       10%         2    None
f - Corpse Rot            Necr           N/A          10%         2    None


Dungeon Overview and Level Annotations

Branches:
Dungeon (6/15)
 Temple: D:4-7

Altars:
Gozag
Makhleb
Nemelex Xobeh
Vehumet
Xom

Shops:
D:4 (

Annotations:
D:6 ololoev's ghost, novice MiFi


Message History

Your crimson imp disappears in a puff of smoke!
Your crimson imp disappears in a puff of smoke!
Casting: Call Imp
Confirm with . or Enter, or press ? or * to list all spells.
A shadowy apparition takes form in the air.
Your iron imp disappears in a puff of smoke!
Your white imp barely misses ololoev's ghost.
Ololoev's ghost hits you!
Your crimson imp hits ololoev's ghost but does no damage.
Your white imp barely misses ololoev's ghost.
Your white imp hits ololoev's ghost but does no damage.
Your shadow imp hits ololoev's ghost but does no damage.
Your white imp disappears in a puff of smoke!
Your shadow imp closely misses ololoev's ghost.
Your crimson imp blinks!
Found a scroll of random uselessness.
You see here a scroll of random uselessness.
A giant frog skeleton comes into view.
Ololoev's ghost hits you!!
You die...

♣.. ...# ...♣ #..#
.... #..# ...♣
#..# .. # #..# ###
#Z...#### ###..
#.##....######....
#@#####...........
#.W55..5........##
#################


You could see ololoev's ghost, a giant frog skeleton (dormant), a friendly
crimson imp, a friendly white imp and a friendly shadow imp.

Vanquished Creatures
  An orc warrior (D:5)
  An ogre (D:5)
  A giant frog (D:6)
  3 crimson imps (D:5)
  A hound (D:5)
  2 orc priests
  5 orc wizards (D:5)
  2 worker ants (D:5)
  4 gnolls
  13 adders
  An adder skeleton (D:6)
  A worm (D:4)
  A dart slug (D:1)
  5 giant geckos
  19 orcs
  2 ball pythons
  8 bats
  5 giant cockroaches
  5 goblins
  8 hobgoblins
  10 jackals
  3 kobolds
  4 quokkas
  A giant gecko skeleton (D:4)
  4 giant newts
  A jackal skeleton (D:5)
  A jackal zombie (D:4)
  8 rats
  A fungus (D:2)
121 creatures vanquished.

Vanquished Creatures (collateral kills)
  A sky beast (D:5)
  A phantom (D:4)
  An ogre (D:4)
  A giant frog skeleton (D:4)
  Crazy Yiuf (D:2)
  An orc wizard (D:5)
  Ijyb (D:2)
  An adder (D:4)
  A dart slug (D:2)
  An orc (D:5)
  A giant cockroach (D:5)
  A giant gecko skeleton (D:5)
  A giant newt (D:2)
13 creatures vanquished.

Grand Total: 134 creatures vanquished

Notes
Turn   | Place    | Note
--------------------------------------------------------------
     0 | D:1      | Shtopit the Deep Elf Wizard began the quest for the Orb.
     0 | D:1      | Reached XP level 1. HP: 10/10 MP: 7/7
   373 | D:1      | Reached skill level 5 in Spellcasting
   373 | D:1      | Reached XP level 2. HP: 15/15 MP: 7/10
  1298 | D:2      | Reached XP level 3. HP: 15/19 MP: 2/12
  1373 | D:2      | Learned a level 2 spell: Blink
  1376 | D:2      | Learned a level 2 spell: Call Imp
  1380 | D:2      | Learned a level 3 spell: Mephitic Cloud
  1383 | D:2      | Learned a level 2 spell: Repel Missiles
  1493 | D:2      | Noticed Ijyb
  1524 | D:2      | Killed Ijyb
  1560 | D:2      | Found a radiant altar of Vehumet.
  1560 | D:2      | Found a burning altar of Makhleb.
  1713 | D:2      | Noticed Crazy Yiuf
  1798 | D:2      | Killed Crazy Yiuf
  1798 | D:2      | Reached XP level 4. HP: 24/24 MP: 3/13
  1958 | D:2      | Reached skill level 6 in Spellcasting
  2290 | D:3      | Found a shimmering altar of Xom.
  2496 | D:3      | Reached XP level 5. HP: 28/28 MP: 10/15
  2842 | D:4      | Reached skill level 1 in Armour
  3034 | D:4      | Found Suighihi's Weapon Shop.
  3051 | D:4      | Noticed a phantom
  3114 | D:4      | Killed a phantom
  4239 | D:4      | Noticed an ogre
  4247 | D:4      | Killed an ogre
  4247 | D:4      | Reached skill level 7 in Spellcasting
  4247 | D:4      | Reached XP level 6. HP: 32/32 MP: 9/18
  4411 | D:5      | Entered Level 5 of the Dungeon
  5129 | D:5      | Noticed a sky beast
  5206 | D:5      | Killed a sky beast
  5206 | D:5      | Reached XP level 7. HP: 20/36 MP: 2/20
  5468 | D:4      | Reached skill level 8 in Spellcasting
  5773 | D:5      | Found an opulent altar of Gozag.
  5855 | D:5      | Found a sparkling altar of Nemelex Xobeh.
  6194 | D:5      | Reached skill level 1 in Air Magic
  6499 | D:6      | Noticed ololoev's ghost (novice MiFi)
  6852 | D:5      | Reached skill level 9 in Spellcasting
  6901 | D:5      | Reached XP level 8. HP: 38/41 MP: 18/23
  6946 | D:5      | Learned a level 2 spell: Corpse Rot
  7289 | D:6      | Slain by ololoev's ghost

Skill      XL: |  1  2  3  4  5  6  7  8 |
---------------+-------------------------+-----
Spellcasting   | 5 6 7 9 |  9.1
Conjurations   | 2 3 4 |  4.0
Dodging        | 3 4 |  4.1
Armour         | 1 2 |  2.9
Stealth        | 3 4 |  4.4
Summonings     | 2 |  2.1
Air Magic      | 1 |  1.1
Translocations | 2 |  2.0
Fighting       | |  0.2
Poison Magic   | |  0.2

Action                   |  1- 3 |  4- 6 |  7- 9 || total
-------------------------+-------+-------+-------++-------
Melee: Short sword       |    24 |     5 |    19 ||    48
       Dagger            |       |     4 |    14 ||    18
 Cast: Magic Dart        |    59 |   190 |   111 ||   360
       Call Imp          |     6 |    16 |    11 ||    33
       Mephitic Cloud    |     3 |     3 |    12 ||    18
       Blink             |     1 |     4 |    11 ||    16
  Use: Potion            |       |     4 |       ||     4
       Scroll            |       |    10 |       ||    10
 Stab: Sleeping          |       |     1 |       ||     1
       Confused          |       |       |     6 ||     6
  Eat: Chunk             |     3 |     3 |     7 ||    13
       Meat ration       |       |     1 |       ||     1
       Pizza             |       |     1 |       ||     1
Armor: Robe              |       |    10 |     5 ||    15
Dodge: Dodged            |     4 |    45 |    35 ||    84
